 Dungeon Sprint DCSS version 0.24.0-125-gc4c63601f3 (webtiles) character file.

Game seed: 17781076449716413787, levelgen mode: deterministic

912 Ponchio the Thaumaturge (level 7, -5/36 HPs)
             Began as a Deep Elf Earth Elementalist on Feb 29, 2020.
             Slain by a tyrant leech (17 damage)
             ... in the Dungeon (Sprint II: "The Violet Keep of Menkaure").
             The game lasted 00:02:43 (442 turns).

Ponchio the Thaumaturge (DEEE)                       Turns: 442, Time: 00:02:45

Health: -5/36      AC:  2    Str:  5    XL:     7   Next: 82%
Magic:  7/27       EV: 13    Int: 22    God:
Gold:   729        SH:  0    Dex: 15    Spells: 20/35 levels left

rFire    . . .     SeeInvis .   (no weapon)
rCold    . . .     Gourm    .   (no shield)
rNeg     . . .     Faith    .   c - +0 robe
rPois    .         Spirit   .   (no helmet)
rElec    .         Reflect  .   (no cloak)
rCorr    .         Harm     .   (no gloves)
MR       .....     NoTele   +   (no boots)
Stlth    ++........             (no amulet)
HPRegen  0.12/turn              (no ring)
MPRegen  0.20/turn              (no ring)

@: no status effects
A: no striking features
a: no special abilities


You were in the Dungeon.
You were not hungry.

You visited 1 branch You collected 729 gold pieces.

Inventory:

Missiles
 b - 13 stones (quivered)
Armour
 c - a +0 robe (worn)
Scrolls
 j - a scroll of blinking
Potions
 e - a potion of curing
 h - a potion of magic
 i - a potion of berserk rage
Comestibles
 d - a ration


   Skills:
 - Level 2.4 Dodging
 - Level 2.4 Stealth
 + Level 14.8 Spellcasting
 - Level 1.1 Transmutations
 * Level 13.5 Earth Magic


You had 20 spell levels left.
You knew the following spells:

 Your Spells              Type           Power        Failure   Level  Hunger
a - Sandblast             Erth           ######       0%          1    None
b - Passwall              Tmut/Erth      #####...     1%          2    None
c - Stone Arrow           Conj/Erth      #####.       1%          3    None
d - Petrify               Tmut/Erth      #####...     1%          4    None
e - Lee's Rapid Deconstr  Erth           ######....   1%          5    ###....

Your spell library contained the following spells:

 Spells                   Type           Power        Failure   Level  Hunger


Dungeon Overview and Level Annotations

Branches:
Dungeon (1/1)

Altars:


Message History

Fragment what (e.g. wall or brittle monster)?: a tyrant leech (moderately wounded)
An open door.
The stone door frame shatters!
The blast of rock fragments hits the tyrant leech!!
The tyrant leech is severely wounded.
The blast of rock fragments hits the tyrant leech!!
The tyrant leech is almost dead.
Casting: Lee's Rapid Deconstruction (safe; 1% risk of failure)
Confirm with . or Enter, or press ? or * to list all spells.
Aiming: Lee's Rapid Deconstruction (safe; 1% risk of failure)
Press: ? - help, Dir - move target cursor, p - tyrant leech An open door.
The stone door frame shatters!
The blast of rock fragments hits the tyrant leech!!
You kill the tyrant leech!
Your Earth Magic skill increases to level 13!
The blast of rock fragments hits the tyrant leech!
The tyrant leech is almost dead.
The tyrant leech bites you!
You die...

.. .. ## .#$
###
##.###'###.##
#...##.##...#
+##†'.<.'##.+
#..†##÷##.###
##.###'###.#
## #.#w####
#.###@# ##
#.## +##


You could see a tyrant leech.

Vanquished Creatures
  A tyrant leech (D)
  2 hippogriffs (D)
  4 necrophages (D)
  3 worms (D)
10 creatures vanquished.

Notes
Turn   | Place    | Note
-------+----------+-------------------------------------------
     0 | D        | Ponchio the Deep Elf Earth Elementalist began the quest for
                  | the Orb.
     0 | D        | Reached XP level 1. HP: 10/10 MP: 6/6
    10 | D        | Reached skill level 4 in Spellcasting
    13 | D        | Reached skill level 5 in Earth Magic
    13 | D        | Reached XP level 2. HP: 8/15 MP: 3/9
   154 | D        | Noticed a tyrant leech
   154 | D        | Noticed a tyrant leech
   158 | D        | Noticed a hippogriff
   158 | D        | Noticed a hippogriff
   167 | D        | Killed a hippogriff
   167 | D        | Reached skill level 10 in Spellcasting
   167 | D        | Reached XP level 3. HP: 16/19 MP: 4/16
   167 | D        | Reached XP level 4. HP: 20/24 MP: 4/18
   167 | D        | Reached XP level 5. HP: 23/28 MP: 4/19
   170 | D        | Killed a hippogriff
   170 | D        | Reached skill level 12 in Spellcasting
   170 | D        | Reached XP level 6. HP: 16/32 MP: 1/23
   176 | D        | Learned a level 2 spell: Passwall
   180 | D        | Learned a level 3 spell: Stone Arrow
   185 | D        | Learned a level 4 spell: Petrify
   191 | D        | Learned a level 5 spell: Lee's Rapid Deconstruction
   342 | D        | Reached skill level 13 in Spellcasting
   343 | D        | Reached XP level 7. HP: 36/36 MP: 13/25
   344 | D        | Reached skill level 14 in Spellcasting
   442 | D        | Killed a tyrant leech
   442 | D        | Slain by a tyrant leech

Levels and vault maps discovered:
D:        the_violet_keep_of_menkaure [sprint2_stairs_cluster_1,
          sprint2_shoproom, sprint2_temple, sprint2_basic_supplies,
          sprint2_obstacle_7, sprint2_obstacle_2, sprint2_obstacle_5,
          sprint2_obstacle_1, sprint2_obstacle_3, sprint2_timed_cluster_1,
          sprint2_smallroom_cluster_1, sprint2_smallroom_final_cluster_1,
          sprint2_transparent_cluster_1, sprint2_second_timed_cluster_1,
          sprint2_sniper_area_1, sprint2_heavy_combat_area_1,
          sprint2_mutation_trap_area_1, sprint2_forest_area_1,
          sprint2_light_combat_area_1, sprint2_behind_water_1,
          sprint2_near_end_vault_1]

Skill      XL: |  1  2  3  4  5  6  7 |
---------------+----------------------+-----
Earth Magic    | 5 9 11 12 13 | 13.5
Spellcasting   | 4 10 12 13 14 | 14.8
Dodging        | |  2.4
Stealth        | |  2.4
Transmutations | |  1.1

Action                   |  1- 3 |  4- 6 |  7- 9 || total
-------------------------+-------+-------+-------++-------
 Cast: Sandblast         |    13 |     4 |       ||    17
       Lee's Rapid Decon |       |     1 |     6 ||     7
  Use: Potion            |     3 |       |       ||     3
Dodge: Dodged            |     4 |     2 |       ||     6
